[Event "Titled Tuesday Blitz April 26 Late 2022"]
[White "Atanejhad, Sahebali"]
[Black "Shuvalova, Polina"]
[WhiteFideId "12506664"]
[BlackFideId "24171760"]
[WhiteElo "1953"]
[BlackElo "2355"]
[Result "1-0"]
[Round "04"]
[TimeControl "180+1"]
[Date "2022.04.26"]
[WhiteClock "0:01:08"]
[BlackClock "0:00:25"]

1. d4 Nf6 2. c4 g6 3. Nc3 d5 4. Nf3 Bg7 5. Qb3 dxc4 6. Qxc4 O-O 7. Bf4 c6 8. e3 Nbd7 9. Be2 Nb6 10. Qb3 Bf5 11. O-O Nfd5 12. Nxd5 Qxd5 13. Qxd5 Nxd5 14. Bg3 Rfe8 15. a3 a5 16. Rac1 f6 17. Rfd1 g5 18. h3 Bg6 19. Bc4 Bf7 20. Nd2 f5 21. Be5 Bxe5 22. dxe5 a4 23. e4 fxe4 24. Nxe4 h6 25. Nc5 b6 26. e6 Bh5 27. g4 bxc5 28. gxh5 Nf4 29. Bf1 Red8 30. h4 gxh4 31. Kh2 Rxd1 32. Rxd1 Rb8 33. Rd2 Kg7 34. Rc2 Nxe6 35. Bh3 Nd4 36. Rxc5 Rxb2 37. Kg2 Kf6 38. Rc4 e5 39. Bd7 Ra2 40. Rxa4 c5 41. Ra6+ Kg5 42. Rg6+ Kxh5 43. Be8 h3+ 44. Kxh3 1-0


[Site "https://www.chess.com"]

[Event "Titled Tuesday Blitz April 26 Late 2022"]
[White "Aung Thant Zin"]
[Black "Wachinger, Guenther"]
[WhiteFideId "13000063"]
[BlackFideId "4604261"]
[WhiteElo "2278"]
[BlackElo "2212"]
[Result "1-0"]
[Round "04"]
[TimeControl "180+1"]
[Date "2022.04.26"]
[WhiteClock "0:01:14"]
[BlackClock "0:01:58"]

1. e4 c5 2. Nf3 d6 3. Bb5+ Bd7 4. Bxd7+ Nxd7 5. O-O Ngf6 6. Re1 e6 7. c3 Be7 8. d4 O-O 9. Nbd2 d5 10. e5 Ne8 11. Nf1 b5 12. a4 b4 13. Ng3 bxc3 14. bxc3 cxd4 15. cxd4 Nb6 16. Ba3 Bxa3 17. Rxa3 Nc4 18. Rc3 Rb8 19. h4 Qd7 20. Qd3 Nb2 21. Qc2 Qxa4 22. Qe2 Nc4 23. Nh5 Rb2 24. Qd3 Qa2 25. Ng5 g6 26. Qg3 Rb1 27. Rcc1 Rb3 28. f3 Rb2 29. Nf4 Ng7 30. h5 Nf5 31. Qh3 h6 32. hxg6 hxg5 33. Qh7# 1-0


[Site "https://www.chess.com"]

[Event "Titled Tuesday Blitz April 26 Late 2022"]
[White "Bachmann, Axel"]
[Black "Skliarov, Viktor"]
[WhiteFideId "3700488"]
[BlackFideId "14106736"]
[WhiteElo "2587"]
[BlackElo "2229"]
[Result "0-1"]
[Round "04"]
[TimeControl "180+1"]
[Date "2022.04.26"]
[WhiteClock "0:00:05"]
[BlackClock "0:00:19"]

1. d4 Nf6 2. g3 g6 3. Bg2 Bg7 4. e4 d6 5. Ne2 O-O 6. O-O c5 7. dxc5 dxc5 8. e5 Ng4 9. f4 Nc6 10. h3 Nh6 11. Be3 Qb6 12. Nbc3 Rd8 13. Nd5 Qxb2 14. Nxe7+ Kh8 15. Nd5 Be6 16. c4 Nf5 17. Bxc5 b6 18. Bf2 Rac8 19. g4 Nfe7 20. Rb1 Qxa2 21. Qc1 Nxd5 22. cxd5 Bxd5 23. Ra1 Qxe2 24. Re1 Qc4 25. Bf1 Qxc1 26. Rexc1 g5 27. fxg5 Nxe5 28. Bg2 Nf3+ 29. Bxf3 Bxf3 30. Rxc8 Rxc8 31. Re1 Bf8 32. Bd4+ Kg8 33. Rf1 Bd5 34. Bf6 Bc5+ 35. Kh2 Re8 36. Kg3 Bd6+ 37. Kh4 Bf8 38. Rd1 Be6 39. Rc1 Bg7 40. Rc7 a5 41. Rb7 a4 42. Rxb6 Ra8 43. Bxg7 Kxg7 44. Kg3 a3 45. Rb1 a2 46. Ra1 Rb8 47. h4 Rb3+ 48. Kf4 Rb1 49. Rxa2 Bxa2 50. h5 h6 51. Kf5 Rb5+ 52. Kf4 hxg5+ 53. Kg3 Kh6 0-1


[Site "https://www.chess.com"]

[Event "Titled Tuesday Blitz April 26 Late 2022"]
[White "Balint, Vilmos"]
[Black "Kosteniuk, Alexandra"]
[WhiteFideId "718050"]
[BlackFideId "4128125"]
[WhiteElo "2059"]
[BlackElo "2469"]
[Result "1/2-1/2"]
[Round "04"]
[TimeControl "180+1"]
[Date "2022.04.26"]
[WhiteClock "0:00:53"]
[BlackClock "0:00:28"]

1. d4 Nf6 2. c4 g6 3. Nc3 d6 4. f3 Bg7 5. e4 Nc6 6. Be3 e5 7. d5 Ne7 8. Bd3 Nh5 9. Nge2 f5 10. c5 fxe4 11. Bxe4 Nf5 12. Bxf5 gxf5 13. cxd6 cxd6 14. O-O f4 15. Bf2 O-O 16. Ne4 Bf5 17. N2c3 Kh8 18. Qb3 Qd7 19. Rac1 Nf6 20. Ng5 Rfe8 21. Qb5 Qe7 22. Nge4 Nxe4 23. Nxe4 Bxe4 24. fxe4 f3 25. gxf3 Bh6 26. Rc3 Rg8+ 27. Kh1 Bf4 28. Rg1 Rxg1+ 29. Bxg1 Rg8 30. Qf1 b6 31. Rc2 Qd7 32. Rg2 Rc8 33. Bf2 Rc1 34. Be1 Be3 35. Re2 Bc5 36. f4 exf4 37. Qxf4 Qg7 38. Qf1 Bb4 39. a3 Bxe1 40. Rxe1 Rxe1 41. Qxe1 Qxb2 42. Qf1 Kg7 43. Qf5 Qf6 44. Qd7+ Kh6 45. Qh3+ Kg6 46. Qg4+ Kf7 47. Qd7+ Qe7 48. Qf5+ Kg7 49. Qg4+ Kf8 50. Qc8+ Qe8 51. Qf5+ Qf7 52. Qc8+ Kg7 53. Qg4+ Qg6 54. Qd7+ Kh6 55. Qh3+ Kg7 56. Qd7+ Kg8 57. Qd8+ Kf7 58. Qd7+ Kf8 59. Qd8+ Kg7 60. Qd7+ 1/2-1/2


[Site "https://www.chess.com"]

[Event "Titled Tuesday Blitz April 26 Late 2022"]
[White "Bas Mas, Jose Joaquin"]
[Black "Winkels, Marcel"]
[WhiteFideId "22219064"]
[BlackFideId "1003887"]
[WhiteElo "2212"]
[BlackElo "1900"]
[Result "1-0"]
[Round "04"]
[TimeControl "180+1"]
[Date "2022.04.26"]
[WhiteClock "0:01:15"]
[BlackClock "0:01:14"]

1. e4 c5 2. Nc3 d6 3. f4 Nc6 4. Bb5 Bd7 5. Bxc6 Bxc6 6. Nf3 g6 7. O-O Bg7 8. d3 e6 9. Qe1 Ne7 10. Qh4 O-O 11. f5 exf5 12. Bg5 f6 13. Bh6 fxe4 14. dxe4 b5 15. Bxg7 Kxg7 16. Rad1 b4 17. Ne2 Bb5 18. Rfe1 Nc6 19. Nf4 Bc4 20. b3 Bf7 21. Qg3 Qe7 22. Rxd6 Ne5 23. Rxf6 Kxf6 24. Qh4+ g5 25. Qxg5# 1-0


[Site "https://www.chess.com"]

[Event "Titled Tuesday Blitz April 26 Late 2022"]
[White "Batsiashvili, Nino"]
[Black "Tristan, Leonardo"]
[WhiteFideId "13602993"]
[BlackFideId "113816"]
[WhiteElo "2499"]
[BlackElo "2729"]
[Result "0-1"]
[Round "04"]
[TimeControl "180+1"]
[Date "2022.04.26"]
[WhiteClock "0:02:07"]
[BlackClock "0:02:31"]

1. d4 d5 2. c4 e6 3. Nf3 Nf6 4. g3 Be7 5. Bg2 O-O 6. O-O dxc4 7. Na3 Bxa3 8. bxa3 Nbd7 9. Qc2 Nb6 10. a4 a5 11. Ba3 Re8 12. Rfd1 Bd7 13. Rdb1 Bxa4 14. Qc1 Bc6 15. Bc5 Nfd7 16. Qxc4 Nxc4 0-1


[Site "https://www.chess.com"]

[Event "Titled Tuesday Blitz April 26 Late 2022"]
[White "Bluebaum, Matthias"]
[Black "Nakamura, Hikaru"]
[WhiteFideId "24651516"]
[BlackFideId "2016192"]
[WhiteElo "2550"]
[BlackElo "2850"]
[Result "1/2-1/2"]
[Round "04"]
[TimeControl "180+1"]
[Date "2022.04.26"]
[WhiteClock "0:00:40"]
[BlackClock "0:01:27"]

1. d4 Nf6 2. c4 e6 3. Nc3 Bb4 4. e3 O-O 5. Bd3 c5 6. Ne2 d5 7. cxd5 cxd4 8. exd4 Nxd5 9. O-O Nc6 10. a3 Bd6 11. Re1 Re8 12. Bc2 Bf8 13. Ng3 g6 14. Nge4 h6 15. Nxd5 exd5 16. Nf6+ Qxf6 17. Rxe8 Nxd4 18. Bd3 Qc6 19. Qe1 Ne6 20. Rxf8+ Nxf8 21. Bxh6 Bf5 22. Qe5 f6 23. Qe7 Qd7 24. Bxf8 Qxe7 25. Bxe7 Bxd3 26. Bxf6 Re8 27. f3 Re2 28. Bc3 Bc2 29. Re1 Rxe1+ 30. Bxe1 Kf7 31. Bf2 a6 32. Bd4 Bb1 33. Kf2 Bc2 34. g4 Bd1 35. Kg3 Be2 36. h4 Bd1 37. Kf4 Be2 38. Ke3 Bd1 39. Kf4 Be2 40. h5 gxh5 41. gxh5 Ke6 42. Kg4 Bd1 43. Kf4 Be2 44. Bc3 Bd1 45. h6 Bc2 46. Ke3 Bg6 47. Kd4 b6 48. Be1 a5 49. Bg3 a4 50. Bc7 b5 51. Kc5 Bd3 52. Bg3 Kf7 53. Bf2 Kg6 54. Be3 Be2 55. f4 Kxh6 56. f5+ Kg7 57. Kxd5 Kf7 58. Ke5 Bc4 59. Bd2 Bb3 60. Bb4 Bd1 61. Bc3 Bb3 62. Bb4 Bd1 63. Kd6 Bb3 64. Bc3 Bc2 65. f6 Bb3 66. Kc5 Bc4 67. Kb4 Bf1 68. b3 axb3 69. Kxb3 Be2 70. Kb4 Bf1 71. Bd4 Be2 72. Kc5 Bf1 73. Bb2 Be2 74. Kb4 Bf1 75. Bc3 Be2 76. Ba1 Bf1 77. a4 bxa4 78. Kxa4 Bh3 79. Kb4 Bf5 80. Bb2 Bg6 81. Ba3 Bf5 82. Kb5 Bg6 83. Kb6 Bh7 84. Kb7 Bg6 85. Kb8 Bh7 86. Kc7 Bg6 87. Kd6 Bh7 88. Ke5 Bg6 89. Kf4 Bh7 90. Kg5 Bb1 91. Kh6 Ba2 92. Bb4 Bb1 93. Bc3 Ba2 94. Bb2 Bb1 95. Ba3 Ba2 96. Bb2 Bb1 97. Kg5 Ba2 98. Kf4 Bb1 99. Ke5 Bc2 100. Kd6 Bb1 101. Kc7 Bh7 102. Bc1 Bg6 103. Kc8 Bh7 104. Kb7 Kxf6 1/2-1/2


[Site "https://www.chess.com"]

[Event "Titled Tuesday Blitz April 26 Late 2022"]
[White "Brodowski, Piotr"]
[Black "Gledura, Benjamin"]
[WhiteFideId "1124480"]
[BlackFideId "712779"]
[WhiteElo "2422"]
[BlackElo "2326"]
[Result "1/2-1/2"]
[Round "04"]
[TimeControl "180+1"]
[Date "2022.04.26"]
[WhiteClock "0:00:06"]
[BlackClock "0:00:04"]

1. e4 c6 2. Nf3 d5 3. Nc3 Nf6 4. e5 Ne4 5. Ne2 Qb6 6. d4 e6 7. Nfg1 f6 8. f3 Ng5 9. exf6 gxf6 10. Ng3 Nf7 11. c3 c5 12. N1e2 Nc6 13. Qb3 cxd4 14. Qxb6 axb6 15. Nxd4 Nxd4 16. cxd4 Bd7 17. Bd2 b5 18. Bd3 b4 19. Kf2 Bd6 20. Rhe1 Nd8 21. Nh5 Kf7 22. Bf4 Be7 23. g4 Nc6 24. Be3 Ra5 25. Nf4 e5 26. dxe5 fxe5 27. Ne2 e4 28. fxe4 Ne5 29. Bc2 Nxg4+ 30. Kf3 Rf8 31. Bf4 Ke8 32. exd5 Rxd5 33. Be4 Rh5 34. Rad1 Nxh2+ 35. Kg2 Rg8+ 36. Ng3 Rh4 37. Bd5 Rg7 38. Be5 Rg6 39. Bxb7 Ng4 40. Bd6 Re6 41. Rxe6 Bxe6 42. Bc6+ Kf7 43. Rf1+ Nf6 44. Ne4 Bh3+ 45. Kg3 Bxf1 46. Kxh4 Bxd6 47. Nxd6+ Ke6 48. Ne4 Nd5 49. Nd2 Bd3 50. Bxd5+ Kxd5 51. a3 bxa3 52. bxa3 Kd4 53. Kg5 Ke3 54. Nb3 Bc4 55. Nc5 Kd4 56. Nd7 Bd3 57. Nf8 Kc3 58. Kh6 Kb3 59. Nxh7 Kxa3 1/2-1/2


[Site "https://www.chess.com"]

[Event "Titled Tuesday Blitz April 26 Late 2022"]
[White "Bryakin, Mikhail"]
[Black "Sheng, Joshua"]
[WhiteFideId "4165314"]
[BlackFideId "2057360"]
[WhiteElo "2417"]
[BlackElo "2142"]
[Result "0-1"]
[Round "04"]
[TimeControl "180+1"]
[Date "2022.04.26"]
[WhiteClock "0:00:05"]
[BlackClock "0:00:15"]

1. e4 c5 2. Nf3 e6 3. d4 cxd4 4. Nxd4 a6 5. Bd3 Bc5 6. Nb3 Ba7 7. O-O Ne7 8. Nc3 O-O 9. Qf3 Nbc6 10. Qg3 Nb4 11. Kh1 Nxd3 12. cxd3 d5 13. f4 b5 14. Ne2 dxe4 15. dxe4 f5 16. Be3 fxe4 17. Bxa7 Rxa7 18. Qe3 Rc7 19. Qxe4 Qd5 20. Qxd5 Nxd5 21. Rac1 Rcf7 22. g3 e5 23. Kg1 Bg4 24. Rf2 exf4 25. gxf4 Bxe2 26. Rxe2 Nxf4 27. Re3 g5 28. Nc5 Rc8 29. b4 Rc6 30. a3 h5 31. Rd1 g4 32. Re5 Nh3+ 33. Kg2 Rf2+ 34. Kg3 Rf3+ 35. Kh4 Nf4 36. Rg5+ Kf7 37. Rf5+ Kg6 38. Rg5+ Kh6 39. Rxh5+ Nxh5 40. Kxg4 Rf4+ 41. Kh3 Rg6 0-1


[Site "https://www.chess.com"]

[Event "Titled Tuesday Blitz April 26 Late 2022"]
[White "Buchenau, Frank"]
[Black "Hernandez Bermudez, Ulises Eduardo"]
[WhiteFideId "4604350"]
[BlackFideId "3902510"]
[WhiteElo "2193"]
[BlackElo "2056"]
[Result "1-0"]
[Round "04"]
[TimeControl "180+1"]
[Date "2022.04.26"]
[WhiteClock "0:00:31"]
[BlackClock "0:00:17"]

1. e4 c5 2. Nf3 d6 3. Bb5+ Nd7 4. O-O Nf6 5. Re1 g6 6. c3 Bg7 7. d4 cxd4 8. cxd4 O-O 9. Nc3 e5 10. h3 a6 11. Bf1 Rb8 12. Be3 b5 13. a3 Bb7 14. d5 Nb6 15. Nd2 Nfd7 16. a4 b4 17. Na2 a5 18. Nc1 f5 19. f3 fxe4 20. fxe4 Nc5 21. Bxc5 dxc5 22. Nc4 Nxc4 23. Bxc4 Qh4 24. Nd3 Kh8 25. Qg4 Qxg4 26. hxg4 Rbc8 27. Rf1 h6 28. Rxf8+ Rxf8 29. Nxc5 Bc8 30. d6 Bxg4 31. d7 Rd8 32. Bb5 Bf8 33. Nb7 Rxd7 34. Bxd7 Bxd7 35. Nxa5 Bc5+ 36. Kh2 Bd4 37. Nc4 Bc6 38. a5 Bxe4 39. a6 Ba7 40. Nxe5 Bb8 41. a7 Bxe5+ 42. Kh1 Bxb2 43. Re1 Bd5 44. Rd1 Be4 45. Rd8+ Kg7 46. Re8 Bd5 47. Rd8 Be4 48. Rb8 Bd4 49. Rxb4 Bxg2+ 50. Kxg2 Bxa7 51. Rb7+ Kf6 52. Rxa7 1-0


[Site "https://www.chess.com"]

[Event "Titled Tuesday Blitz April 26 Late 2022"]
[White "Carrasco Miranda, Andres"]
[Black "Kim, Sergey"]
[WhiteFideId "3405990"]
[BlackFideId "13700570"]
[WhiteElo "2177"]
[BlackElo "2496"]
[Result "0-1"]
[Round "04"]
[TimeControl "180+1"]
[Date "2022.04.26"]
[WhiteClock "0:00:05"]
[BlackClock "0:01:28"]

1. d4 Nf6 2. c4 g6 3. g3 Bg7 4. Bg2 d6 5. Nc3 O-O 6. Nf3 Nbd7 7. O-O e5 8. e4 exd4 9. Nxd4 Re8 10. h3 Nc5 11. Re1 c6 12. Bf4 Nh5 13. Be3 a5 14. Qd2 a4 15. Rad1 Qa5 16. Bh6 Bh8 17. Kh2 Nf6 18. f4 Nfd7 19. f5 Ne5 20. fxg6 hxg6 21. Rf1 Nxc4 22. Qf4 Ne5 23. Qh4 a3 24. Bf4 axb2 25. Bxe5 Bxe5 26. Rxf7 Kxf7 27. Qh7+ Kf6 28. Rf1+ Bf5 29. exf5 Bxg3+ 30. Kh1 b1=Q 31. fxg6+ Qxf1+ 32. Bxf1 Qxc3 33. Qf7+ Ke5 34. Nf3+ Ke4 35. Ng5+ Ke3 36. Qf3+ Kd2 37. Qe2+ Rxe2 0-1


[Site "https://www.chess.com"]

[Event "Titled Tuesday Blitz April 26 Late 2022"]
[White "Caruana, Fabiano"]
[Black "Kollars, Dmitrij"]
[WhiteFideId "2020009"]
[BlackFideId "12909572"]
[WhiteElo "2744"]
[BlackElo "2584"]
[Result "0-1"]
[Round "04"]
[TimeControl "180+1"]
[Date "2022.04.26"]
[WhiteClock "0:00:37"]
[BlackClock "0:00:51"]

1. e4 e5 2. Bc4 Nf6 3. Qe2 Nc6 4. c3 Be7 5. Nf3 O-O 6. O-O d5 7. exd5 Nxd5 8. d3 Bg4 9. h3 Bh5 10. a4 Kh8 11. a5 a6 12. g4 Bg6 13. Nxe5 Nxe5 14. Qxe5 c6 15. Qg3 f5 16. Na3 Bd6 17. Qg2 fxg4 18. hxg4 Nf4 19. Bxf4 Rxf4 20. Rae1 Qh4 21. f3 h5 22. gxh5 Bxh5 23. Re4 Raf8 24. Rxf4 Bxf4 25. Nc2 Rf6 0-1


[Site "https://www.chess.com"]

[Event "Titled Tuesday Blitz April 26 Late 2022"]
[White "Czopor, Maciej"]
[Black "Zherebtsova, Alexandra"]
[WhiteFideId "21805431"]
[BlackFideId "24129518"]
[WhiteElo "1999"]
[BlackElo "2025"]
[Result "1/2-1/2"]
[Round "04"]
[TimeControl "180+1"]
[Date "2022.04.26"]
[WhiteClock "0:00:07"]
[BlackClock "0:00:04"]

1. Nf3 d5 2. g3 g6 3. Bg2 Bg7 4. O-O e5 5. d4 e4 6. Ne1 f5 7. c4 c6 8. Nc3 Ne7 9. Bg5 Be6 10. cxd5 cxd5 11. Nc2 h6 12. Bxe7 Qxe7 13. Ne3 Qd7 14. Qb3 Nc6 15. Rfd1 Nxd4 16. Qa3 Kf7 17. Nexd5 Nc2 18. Qa5 Nxa1 19. Nc7 Qc6 20. Nxa8 Rxa8 21. Rxa1 b6 22. Qa3 Bf8 23. Qa6 Bc4 24. Qa4 Qxa4 25. Nxa4 Be6 26. Rc1 Rc8 27. Rxc8 Bxc8 28. e3 Be6 29. a3 Bg7 30. f3 exf3 31. Bxf3 b5 32. Nc3 Bd7 33. Kf2 Ke6 34. Ke2 Kd6 35. Kd3 Kc5 36. b4+ Kd6 37. e4 fxe4+ 38. Nxe4+ Ke5 39. Nc5 Be8 40. Ke3 g5 41. Nd3+ Kd6 42. Be4 Be5 43. Nc5 Bb2 44. Kd3 Bxa3 45. Kc3 a5 46. Nb7+ Kc7 47. Nxa5 Bc1 48. Bd3 Be3 49. Nb3 Kb6 50. Nd4 Bf2 51. Nf5 Bg1 52. h4 gxh4 53. gxh4 Bf2 54. Nxh6 Bxh4 55. Nf5 Bf6+ 56. Nd4 Bxd4+ 57. Kxd4 Bc6 58. Ke5 Bd7 59. Kd6 Bc6 60. Bf5 Bb7 61. Bd7 Be4 62. Be6 Bc6 63. Bd7 Bb7 64. Be6 Bc6 65. Bd5 Be8 66. Ke7 Bh5 67. Kd8 Be2 68. Ke7 Bd3 69. Kd6 Be2 70. Bc6 Bf1 71. Bd5 Be2 72. Bc6 Bf1 73. Bd5 Be2 1/2-1/2


[Site "https://www.chess.com"]

[Event "Titled Tuesday Blitz April 26 Late 2022"]
[White "Dahlgren, James Allen"]
[Black "Dudzinski, Pawel"]
[WhiteFideId "22256873"]
[BlackFideId "1117890"]
[WhiteElo "2091"]
[BlackElo "2033"]
[Result "0-1"]
[Round "04"]
[TimeControl "180+1"]
[Date "2022.04.26"]
[WhiteClock "0:00:42"]
[BlackClock "0:01:12"]

1. d3 e5 2. f4 Nc6 3. Nf3 d6 4. e4 g6 5. Nc3 Bg7 6. Be2 Nge7 7. O-O O-O 8. h3 f5 9. Nd5 Nxd5 10. exd5 Ne7 11. c4 c6 12. dxc6 Nxc6 13. fxe5 dxe5 14. Bg5 Qb6+ 15. Kh1 Qxb2 16. Rb1 Qa3 17. Qd2 Qd6 18. Bh6 b6 19. Bxg7 Kxg7 20. Rfd1 Bb7 21. d4 exd4 22. Nxd4 Nxd4 23. Qxd4+ Qxd4 24. Rxd4 Rad8 25. Rbd1 Rxd4 26. Rxd4 Rf7 27. Bf3 Bxf3 28. gxf3 Rc7 29. Kg2 Kf6 30. f4 Ke6 31. Kf3 Rc5 32. Ke3 Ra5 33. Rd2 Ra3+ 34. Kd4 Rxh3 35. Re2+ Kd7 36. Ke5 Rc3 37. Kf6 Rxc4 38. Kg7 Rxf4 39. Kxh7 Rg4 0-1


[Site "https://www.chess.com"]

[Event "Titled Tuesday Blitz April 26 Late 2022"]
[White "Deac, Bogdan-Daniel"]
[Black "Mardov, Dimitar"]
[WhiteFideId "1226380"]
[BlackFideId "30919495"]
[WhiteElo "2648"]
[BlackElo "2185"]
[Result "1-0"]
[Round "04"]
[TimeControl "180+1"]
[Date "2022.04.26"]
[WhiteClock "0:00:12"]
[BlackClock "0:00:02"]

1. d4 Nf6 2. c4 e6 3. Nc3 Bb4 4. e3 O-O 5. Ne2 d5 6. a3 Bd6 7. Ng3 c6 8. Qc2 e5 9. cxd5 exd4 10. exd4 cxd5 11. Bd3 Nc6 12. Be3 h6 13. Nf5 Bxf5 14. Bxf5 g6 15. Bh3 Kg7 16. O-O Re8 17. g3 a6 18. Bg2 Ne7 19. Bh3 Nh7 20. Qd2 h5 21. Rfe1 Kg8 22. Re2 Bc7 23. Rae1 Nc6 24. Bg2 Nf6 25. Bg5 Rxe2 26. Rxe2 Qd6 27. Bxf6 Qxf6 28. Nxd5 Qd6 29. Nxc7 Qxc7 30. d5 Ne5 31. d6 Qc5 32. Qd5 Qc1+ 33. Bf1 Nc6 34. Kg2 Rd8 35. Rd2 Qe1 36. Bc4 Qe8 37. Re2 Qf8 38. d7 Kg7 39. Bxa6 1-0


[Site "https://www.chess.com"]

[Event "Titled Tuesday Blitz April 26 Late 2022"]
[White "Demchenko, Anton"]
[Black "Vachier-Lagrave, Maxime"]
[WhiteFideId "4160258"]
[BlackFideId "623539"]
[WhiteElo "2539"]
[BlackElo "2813"]
[Result "1-0"]
[Round "04"]
[TimeControl "180+1"]
[Date "2022.04.26"]
[WhiteClock "0:00:13"]
[BlackClock "0:00:03"]

1. e4 c5 2. Nf3 d6 3. d4 cxd4 4. Qxd4 Nc6 5. Qe3 Nf6 6. h3 g6 7. Bc4 Bg7 8. O-O O-O 9. Nc3 Bd7 10. Rd1 Rc8 11. Qe2 Na5 12. Bb3 Qc7 13. Bg5 Bc6 14. Nd4 h6 15. Bh4 Kh7 16. Bg3 Nh5 17. Bh2 Qb6 18. Nxc6 bxc6 19. e5 dxe5 20. Bxe5 e6 21. Bxg7 Nxg7 22. Ne4 Nf5 23. Nf6+ Kg7 24. Nd7 Qc7 25. Nxf8 Rxf8 26. c3 Nb7 27. Bc2 Ne7 28. Qe3 Nd5 29. Qxa7 Nf4 30. Qe3 e5 31. Rd2 Re8 32. Rad1 Re7 33. a4 h5 34. h4 Qc8 35. g3 Qg4 36. Be4 Na5 37. Qf3 Nh3+ 38. Kh2 Qe6 39. Rd6 Qc8 40. Rd8 1-0


[Site "https://www.chess.com"]

[Event "Titled Tuesday Blitz April 26 Late 2022"]
[White "Derraugh, Geordie"]
[Black "Maksimovic, Bojan"]
[WhiteFideId "2603950"]
[BlackFideId "14408120"]
[WhiteElo "2116"]
[BlackElo "2448"]
[Result "1-0"]
[Round "04"]
[TimeControl "180+1"]
[Date "2022.04.26"]
[WhiteClock "0:00:11"]
[BlackClock "0:01:22"]

1. e4 c5 2. c3 d6 3. Nf3 g6 4. Bd3 Bg7 5. Bc2 Nc6 6. O-O Bg4 7. h3 Bxf3 8. Qxf3 Nf6 9. Rd1 Nd7 10. Qe3 Rc8 11. Na3 O-O 12. d4 cxd4 13. cxd4 e5 14. dxe5 dxe5 15. Nb5 Nd4 16. Nxd4 exd4 17. Qe2 Re8 18. Bf4 Nc5 19. Qf3 Qb6 20. Rab1 Rcd8 21. b4 Ne6 22. Bb3 d3 23. Be3 Qa6 24. Rbc1 Bd4 25. Bxd4 Rxd4 26. Rc7 Nxc7 27. Qxf7+ Kh8 28. Qxc7 Rdxe4 29. Qc3+ R8e5 30. f4 Qb6+ 31. Kh2 Qd4 32. Qxd4 Rxd4 33. fxe5 Kg7 34. Kg3 b5 35. Kf3 Rxb4 36. Rxd3 a5 37. Rd7+ Kf8 38. Rxh7 a4 39. Bd5 Rd4 40. Bc6 Kg8 41. Rb7 Rd2 42. e6 1-0


[Site "https://www.chess.com"]

[Event "Titled Tuesday Blitz April 26 Late 2022"]
[White "Dobre, Claudiu-Cristian"]
[Black "Araujo Filho, Luiz Antonio Coel"]
[WhiteFideId "1211854"]
[BlackFideId "2130661"]
[WhiteElo "2207"]
[BlackElo "2318"]
[Result "1-0"]
[Round "04"]
[TimeControl "180+1"]
[Date "2022.04.26"]
[WhiteClock "0:01:21"]
[BlackClock "0:00:46"]

1. c4 f5 2. Nf3 Nf6 3. g3 g6 4. b4 Bg7 5. Bb2 O-O 6. Bg2 d6 7. O-O e5 8. d3 Qe7 9. Qb3 Kh8 10. Nbd2 Nc6 11. e3 h6 12. b5 Nd8 13. c5 Nf7 14. Nc4 g5 15. cxd6 cxd6 16. Ba3 Be6 17. Rac1 Kh7 18. Qa4 Qd7 19. Na5 Bxa2 20. Nxb7 Qxb7 21. Nxg5+ 1-0


[Site "https://www.chess.com"]

[Event "Titled Tuesday Blitz April 26 Late 2022"]
[White "Domingo Nunez, Alejandro"]
[Black "Rengifo Blancas, Renzo Jhonathan"]
[WhiteFideId "22245561"]
[BlackFideId "3807185"]
[WhiteElo "2215"]
[BlackElo "2058"]
[Result "1-0"]
[Round "04"]
[TimeControl "180+1"]
[Date "2022.04.26"]
[WhiteClock "0:01:32"]
[BlackClock "0:00:05"]

1. Nf3 Nf6 2. g3 g6 3. b3 Bg7 4. Bb2 O-O 5. d4 d5 6. Bg2 c5 7. O-O cxd4 8. Nxd4 Nc6 9. Nxc6 bxc6 10. c4 e6 11. Nc3 Ba6 12. Rc1 Rb8 13. cxd5 Nxd5 14. Qc2 Nxc3 15. Bxc3 Bxc3 16. Qxc3 Bxe2 17. Rfe1 Qd3 18. Qe5 Bg4 19. h3 Rb5 20. Qb2 Bf5 21. g4 Rd8 22. Bf1 Qf3 23. Re3 Qf4 24. Bxb5 Bxg4 25. hxg4 cxb5 26. Qe2 Kg7 27. Re1 1-0


[Site "https://www.chess.com"]

[Event "Titled Tuesday Blitz April 26 Late 2022"]
[White "Donchenko, Alexander"]
[Black "Vovk, Orest"]
[WhiteFideId "24603295"]
[BlackFideId "14113490"]
[WhiteElo "2539"]
[BlackElo "2203"]
[Result "1-0"]
[Round "04"]
[TimeControl "180+1"]
[Date "2022.04.26"]
[WhiteClock "0:00:24"]
[BlackClock "0:00:03"]

1. d4 h6 2. e4 g5 3. h4 g4 4. Qxg4 d5 5. Qf3 dxe4 6. Qxe4 Nf6 7. Qd3 Nc6 8. Nf3 Bg4 9. Nbd2 Qd5 10. c4 Qh5 11. d5 O-O-O 12. Be2 e5 13. Qb3 Nd4 14. Nxd4 exd4 15. Bxg4+ Nxg4 16. Nf3 Re8+ 17. Kf1 d3 18. Bf4 Re2 19. Bg3 Bc5 20. Qxd3 Rxf2+ 21. Bxf2 Nxf2 22. Qc3 Rg8 23. Rh2 Ne4 24. Qe5 Ng3+ 25. Ke1 Qxe5+ 26. Nxe5 Re8 27. Rh3 Rxe5+ 28. Kd2 Ne4+ 29. Kc2 Rf5 30. Rf3 Rxf3 31. gxf3 Nd6 32. Kd3 Bf2 33. h5 Bg3 34. c5 Nf5 35. Ke4 Ne7 36. b4 f5+ 37. Kd4 Kd7 38. Kc4 f4 39. Re1 Nf5 40. Re6 Nh4 41. Rxh6 Nxf3 42. Rf6 Ne5+ 43. Kd4 Ng4 44. Rf5 Bf2+ 45. Ke4 Be3 46. Kf3 Nh6 47. Rf6 Ng8 48. Rf7+ Ke8 49. Rxc7 Ne7 50. d6 Nf5 51. Rxb7 Nd4+ 52. Ke4 Ne2 53. h6 Ng3+ 54. Kf3 Nf5 55. h7 1-0


[Site "https://www.chess.com"]

[Event "Titled Tuesday Blitz April 26 Late 2022"]
[White "Dubov, Daniil"]
[Black "Sanal, Vahap"]
[WhiteFideId "24126055"]
[BlackFideId "6300545"]
[WhiteElo "2791"]
[BlackElo "2603"]
[Result "1/2-1/2"]
[Round "04"]
[TimeControl "180+1"]
[Date "2022.04.26"]
[WhiteClock "0:00:15"]
[BlackClock "0:00:21"]

1. d4 d6 2. Nf3 Nf6 3. c4 g6 4. Nc3 Bg7 5. Bg5 O-O 6. e3 c5 7. d5 e6 8. Be2 exd5 9. cxd5 a6 10. a4 h6 11. Bh4 Bg4 12. Nd2 Bxe2 13. Qxe2 Nbd7 14. O-O Re8 15. h3 Qc7 16. Bg3 Nh5 17. Bh2 f5 18. Nc4 Ne5 19. Bxe5 Bxe5 20. a5 Bg7 21. Qd3 Re7 22. Rab1 Rf8 23. g3 Nf6 24. b4 Ne4 25. Nxe4 fxe4 26. Qe2 h5 27. h4 Rf5 28. b5 axb5 29. Rxb5 Rxd5 30. Nb6 Rd3 31. Qa2+ Rf7 32. Nd5 Qd7 33. Rfb1 Qe6 34. Rxb7 Rxb7 35. Rxb7 Qxd5 36. Qxd5+ Rxd5 37. a6 Rd1+ 38. Kg2 Ra1 39. a7 Kh7 40. Rc7 c4 41. Rxc4 Rxa7 42. Rxe4 Be5 43. Rc4 Kg7 44. Rc2 Bf6 45. Rd2 Rd7 46. Kh3 Kf7 47. g4 Ke6 48. gxh5 gxh5 49. Rd3 d5 50. f3 Kf5 51. Rxd5+ Rxd5 52. e4+ Ke5 53. exd5 Kxd5 54. f4 Ke4 55. f5 Kf3 56. Kh2 Kg4 57. Kh1 Kxh4 58. Kg1 Kg3 59. Kh1 Kg4 60. Kg1 Kxf5 61. Kh1 h4 62. Kg1 h3 63. Kh1 Kg4 64. Kg1 Kg3 65. Kh1 h2 1/2-1/2


[Site "https://www.chess.com"]

[Event "Titled Tuesday Blitz April 26 Late 2022"]
[White "Eggleston, Thomas A"]
[Black "Fiol, Fabrice"]
[WhiteFideId "412139"]
[BlackFideId "611670"]
[WhiteElo "2174"]
[BlackElo "2447"]
[Result "0-1"]
[Round "04"]
[TimeControl "180+1"]
[Date "2022.04.26"]
[WhiteClock "0:00:02"]
[BlackClock "0:00:07"]

1. e4 c5 2. Nf3 e6 3. c3 d5 4. exd5 exd5 5. d4 Nf6 6. Bb5+ Bd7 7. Qe2+ Qe7 8. Ne5 a6 9. Bxd7+ Nbxd7 10. O-O Nxe5 11. dxe5 Nd7 12. f4 g6 13. c4 dxc4 14. Nd2 Bg7 15. Nxc4 O-O 16. Nd6 Nxe5 17. fxe5 Bxe5 18. Ne4 f5 19. Qc4+ Kh8 20. Nc3 Bd4+ 21. Kh1 b5 22. Qe2 Qh4 23. Qf3 Rae8 24. Bf4 b4 25. Bg3 Qd8 26. Nd5 Re4 27. Nf4 Bxb2 28. Rad1 Bd4 29. Bf2 Rfe8 30. Bxd4+ Rxd4 31. Rxd4 Qxd4 32. h4 a5 33. Rd1 Qf6 34. g3 c4 35. Nd5 Qe5 36. Qf4 c3 37. Qf2 Rd8 38. Qg2 c2 39. Qxc2 Kg7 40. Qg2 a4 41. Rd3 b3 42. axb3 axb3 43. Rxb3 Rxd5 44. Rb7+ Kh6 45. Rb1 Rd3 46. Rg1 Qe3 47. Kh2 Rd2 0-1


[Site "https://www.chess.com"]